 Dungeon Crawl Stone Soup version 0.20-a0-809-gaf7f668 (webtiles) character file.

12642 nikopol the Spear-Bearer (level 11, -14/148 HPs)
             Began as a Minotaur Berserker on Mar 3, 2017.
             Was a High Priest of Trog.
             Demolished by Snorg (17 damage)
             ... on level 11 of the Dungeon.
             The game lasted 00:26:38 (12129 turns).

nikopol the Spear-Bearer (Minotaur Berserker)      Turns: 12129, Time: 00:26:39

Health: -14/148    AC: 11    Str: 28    XL:     11   Next: 65%
Magic:  10/10      EV: 15    Int:  4    God:    Trog [*****.]
Gold:   620        SH:  0    Dex: 12    Spells: 10/10 levels left

rFire    . . .     SeeInvis .   a - +4 spear (freeze)
rCold    . . .     Gourm    +   y - +0 scale mail
rNeg     . . .     Faith    .   (no shield)
rPois    .         Spirit   .   (helmet restricted)
rElec    .         Reflect  .   (no cloak)
rCorr    .         Harm     .   M - +2 pair of gloves
MR       .....                  (no boots)
Stlth    ..........             d - amulet of the gourmand
Regen    0.4/turn               (no ring)
MPRegen  0.2/turn               (no ring)

@: berserking, very quick
A: retaliatory headbutt, horns 2
a: Berserk, Trog's Hand, Brothers in Arms, Burn Spellbooks, Renounce Religion


You were on level 11 of the Dungeon.
You worshipped Trog.
Trog was extremely pleased with you.
You were very full.

You visited 1 branch of the dungeon, and saw 11 of its levels.
You also visited: Sewer.

You collected 620 gold pieces.

Inventory:

Hand Weapons
 a - a +4 spear of freezing (weapon)
 z - a +0 shortbow
 A - a +2 halberd
 G - a +3 glaive of protection
Missiles
 e - 421 arrows (quivered)
Armour
 y - a +0 scale mail (worn)
 M - a +2 pair of gloves (worn)
Jewellery
 d - an amulet of the gourmand (around neck)
 i - an uncursed amulet of regeneration {unknown}
 L - an uncursed amulet of regeneration {unknown}
 R - a +2 ring of protection {unknown}
Wands
 K - a wand of iceblast (4/15)
 S - a wand of flame (33/48)
Scrolls
 b - a scroll of holy word {unknown}
 h - 7 scrolls of teleportation
 k - 7 scrolls of fear
 q - a scroll of enchant weapon {unknown}
 s - 6 scrolls of fog
 u - 3 scrolls of remove curse
 v - 2 scrolls of enchant armour {unknown}
 w - 5 scrolls of amnesia {unknown}
 x - 2 scrolls of noise {unknown}
 B - a scroll of blinking {unknown}
 F - 2 scrolls of magic mapping
 H - 2 scrolls of immolation {unknown}
 N - 2 scrolls of summoning {unknown}
 T - a scroll of brand weapon {unknown}
Potions
 f - 4 potions of curing
 j - 4 potions of heal wounds
 l - 3 potions of agility
 m - a potion of brilliance {unknown}
 n - 2 potions of experience
 o - 2 potions of mutation
 r - a potion of magic {unknown}
 t - 3 potions of flight
 C - a potion of lignification {unknown}
 E - 3 potions of cancellation
 I - 2 potions of haste
 J - a potion of might {unknown}
 O - 2 potions of invisibility {unknown}
 P - a potion of berserk rage {unknown}
Comestibles
 c - 6 bread rations
 g - 3 meat rations
 p - 26 royal jellies
 D - 5 chunks of flesh
 Q - 15 fruits


   Skills:
 + Level 10.0 Fighting
 * Level 12.3 Polearms
 * Level 9.6 Bows
 + Level 9.2 Armour
 + Level 8.9 Dodging


You had 10 spell levels left.
You didn't know any spells.

Dungeon Overview and Level Annotations

Branches:
Dungeon (11/15)            Temple (0/1) D:6            Lair (0/6) D:11
    Orc: D:9-12

Altars:
Gozag
Makhleb
Ru

Annotations:
D:11 Snorg


Innate Abilities, Weirdness & Mutations

You reflexively headbutt those who attack you in melee.
You have a pair of horns on your head.


Message History

The orc wizard is severely wounded.
The orc wizard gestures wildly while chanting.
The orc wizard blinks!
You puncture Snorg! You freeze Snorg.
Snorg is moderately wounded.
Snorg misses you. Snorg barely misses you. Snorg claws you!
* * * LOW HITPOINT WARNING * * *
You closely miss Snorg.
Snorg is moderately wounded.
Snorg misses you. x2; Snorg claws you but does no damage.
You puncture Snorg! You freeze Snorg. Your headbutt misses Snorg.
Snorg is moderately wounded.
You puncture Snorg! You freeze Snorg. Your headbutt misses Snorg.
Snorg is heavily wounded.
Snorg bites you!
* * * LOW HITPOINT WARNING * * *
Snorg claws you!
* * * LOW HITPOINT WARNING * * *
Snorg claws you!
You die...

.. #. ##+#### #.
###.......
######.####{o)o(....
.........##T#.......
.........#@)#o......
...........##.......
.........### .......
.........# #######
..[......#
.........#
######o.## #
######.### ##
###........#


You could see Snorg (berserk), an orc wizard and an orc.

Vanquished Creatures
  A two-headed ogre (D:11)
  Pikel (D:8)
  A manticore (D:10)
  Joseph (D:7)
  Psyche (D:8)
  A centaur zombie (D:10)
  A queen bee (D:9)
  Grinder (D:3)
  2 hornets
  2 hippogriffs
  10 yaks
  Eustachio (D:5)
  2 hungry ghosts
  Edmund (D:6)
  2 wargs (D:11)
  Duvessa (D:4)
  2 soldier ants (D:8)
  Purgy (Sewer)
  A black bear (D:7)
  An ice beast (D:6)
  3 phantoms
  4 orc warriors
  3 sky beasts
  A necrophage (D:8)
  6 ogres
  8 centaurs
  2 big kobolds
  Blork the orc (D:6)
  5 bullfrogs
  A gnoll sergeant (D:9)
  Dowan (D:4)
  5 scorpions
  33 killer bees
  8 wights
  A howler monkey (D:7)
  5 crimson imps
  A quasit (D:9)
  5 hounds
  2 jellies
  8 orc wizards
  6 orc priests
  2 bullfrog skeletons
  Jessica (D:2)
  Ijyb (D:3)
  2 iguanas
  5 worker ants
  A hound zombie (D:10)
  2 hound skeletons (D:8)
  Robin (D:3)
  11 gnolls
  15 adders
  A river rat (D:5)
  3 shadow imps
  An ooze (D:2)
  2 adder skeletons
  An adder zombie (D:6)
  6 worms
  A dart slug (D:3)
  3 leopard geckos
  18 orcs
  8 giant cockroaches
  9 hobgoblins
  10 jackals
  3 quokkas
  2 ball pythons
  4 bats
  10 frilled lizards
  17 goblins
  A jackal skeleton (D:9)
  15 kobolds
  A quokka skeleton (D:9)
  4 rats
304 creatures vanquished.

Vanquished Creatures (others)
  A water moccasin (D:8)
  A black bear (D:8)
  A bullfrog (D:8)
  A bullfrog zombie (D:8)
  An orc priest (D:8)
5 creatures vanquished.

Grand Total: 309 creatures vanquished

Notes
Turn   | Place    | Note
-------+----------+-------------------------------------------
     0 | D:1      | nikopol the Minotaur Berserker began the quest for the Orb.
     0 | D:1      | Reached XP level 1. HP: 19/19 MP: 0/0
   319 | D:1      | Reached XP level 2. HP: 27/27 MP: 1/1
   584 | D:2      | Noticed Jessica
   589 | D:2      | Killed Jessica
   589 | D:2      | Reached skill level 4 in Polearms
   589 | D:2      | Reached XP level 3. HP: 33/33 MP: 2/2
   655 | D:2      | Reached ** piety under Trog
   799 | D:2      | Found a faded altar of an unknown god.
   943 | D:2      | Reached XP level 4. HP: 40/40 MP: 3/3
  1050 | D:2      | Found a sacrificial altar of Ru.
  1289 | D:3      | Found an opulent altar of Gozag.
  1471 | D:3      | Noticed Grinder
  1475 | D:3      | Paralysed by Grinder for 2 turns
  1486 | D:3      | HP: 1/61 [Grinder (3)]
  1488 | D:3      | Killed Grinder
  1488 | D:3      | Reached skill level 5 in Fighting
  1488 | D:3      | Reached skill level 5 in Polearms
  1488 | D:3      | Reached XP level 5. HP: 2/48 MP: 4/4
  1488 | D:3      | Reached XP level 6. HP: 2/56 MP: 5/5
  1794 | D:3      | Noticed Ijyb
  1801 | D:3      | Killed Ijyb
  2045 | D:3      | Noticed Robin
  2068 | D:3      | Killed Robin
  2417 | D:4      | Noticed Dowan
  2418 | D:4      | Noticed Duvessa
  2438 | D:4      | Killed Duvessa
  2438 | D:4      | Reached skill level 5 in Armour
  2438 | D:4      | Reached XP level 7. HP: 45/62 MP: 6/6
  2442 | D:4      | Killed Dowan
  2442 | D:4      | Reached *** piety under Trog
  2648 | D:4      | Reached skill level 5 in Dodging
  3182 | D:5      | Entered Level 5 of the Dungeon
  3216 | D:5      | Reached skill level 6 in Polearms
  3302 | D:5      | Found a glowing drain.
  3304 | D:5      | Reached skill level 1 in Bows
  3308 | Sewer    | Entered a sewer
  3444 | Sewer    | Noticed Purgy
  3456 | Sewer    | Killed Purgy
  3920 | D:5      | Reached XP level 8. HP: 61/70 MP: 7/7
  3939 | D:5      | Reached skill level 7 in Polearms
  4308 | D:5      | Noticed Eustachio
  4319 | D:5      | Killed Eustachio
  4540 | D:5      | Reached **** piety under Trog
  4571 | D:5      | Reached skill level 8 in Polearms
  4841 | D:6      | Found a staircase to the Ecumenical Temple.
  4848 | D:6      | Noticed Blork the orc
  4860 | D:6      | Killed Blork the orc
  4860 | D:6      | Reached XP level 9. HP: 79/79 MP: 8/8
  5101 | D:6      | Noticed Edmund
  5108 | D:6      | Killed Edmund
  5124 | D:6      | Found a sacrificial altar of Ru.
  5143 | D:6      | Reached skill level 5 in Bows
  5179 | D:6      | Received a gift from Trog
  5210 | D:6      | Reached skill level 9 in Polearms
  6655 | D:7      | Noticed Joseph
  6670 | D:7      | HP: 6/121 [Joseph/uncursed quarterstaff (4)]
  6673 | D:7      | Killed Joseph
  7244 | D:8      | Noticed Pikel
  7253 | D:8      | Killed Pikel
  7253 | D:8      | Reached skill level 10 in Polearms
  7253 | D:8      | Reached XP level 10. HP: 80/88 MP: 9/9
  7338 | D:8      | Reached ***** piety under Trog
  7515 | D:8      | Noticed Psyche
  7541 | D:8      | Killed Psyche
  8728 | D:8      | HP: 2/90 [killer bee (3)]
  8733 | D:8      | HP: 3/90 [poisoned by a killer bee]
  9315 | D:8      | Received a gift from Trog
  9521 | D:9      | Reached skill level 11 in Polearms
 10051 | D:9      | Reached XP level 11. HP: 90/97 MP: 10/10
 10435 | D:10     | Entered Level 10 of the Dungeon
 11108 | D:10     | Found a burning altar of Makhleb.
 11537 | D:11     | Noticed a two-headed ogre
 11684 | D:11     | Received a gift from Trog
 11689 | D:11     | Killed a two-headed ogre
 11689 | D:11     | Reached skill level 12 in Polearms
 11876 | D:11     | Found a staircase to the Lair.
 11916 | D:11     | Reached skill level 10 in Fighting
 12106 | D:11     | Noticed Snorg
 12129 | D:11     | HP: 3/148 [Snorg (14)]
 12129 | D:11     | Demolished by Snorg

Vault maps used:
D:1:      dpeg_arrival_three_same_balls
D:2:      overflow_temple_1_default, first_bread,
          chequers_ecumenical_altar_simple_redux, uniq_jessica
D:3:      grunt_gozag_breadcrumbs, uniq_robin, uniq_grinder, uniq_iyjb
D:4:      uniq_duvessa
D:5:      portal_sewer_entry_e, uniq_eustachio
D:6:      temple_green, nicolae_ru_sacrificial_ziggurat, uniq_blork_the_orc,
          uniq_edmund
D:7:      uniq_joseph
D:8:      hangedman_pestilent_swarm, uniq_psyche, uniq_pikel
D:10:     basic_altar, bh_chokoban
D:11:     erik_lair_orcish_takeover, centaur_isle, uniq_grum, uniq_snorg
Sewer:    sewer_co_purgy_island

Skill      XL: |  1  2  3  4  5  6  7  8  9 10 11 |
---------------+----------------------------------+-----
Fighting       | 4 5 6 7 8 9 10 | 10.0
Polearms       | 4 5 6 8 10 11 12 | 12.3
Armour         | 3 4 5 6 7 8 9 |  9.2
Dodging        | 3 4 5 6 7 8 |  8.9
Bows           | 2 4 6 8 9 |  9.6

Action                   |  1- 3 |  4- 6 |  7- 9 | 10-12 || total
-------------------------+-------+-------+-------+-------++-------
Melee: Spear             |    76 |   140 |   346 |   417 ||   979
       Headbutt          |     7 |    21 |    59 |    75 ||   162
       Halberd           |       |       |    14 |       ||    14
 Fire: Shortbow          |       |       |   134 |   220 ||   354
Invok: Berserk           |       |     1 |     3 |     3 ||     7
       Burn Spellbooks   |       |       |     1 |     1 ||     2
       Trog's Hand       |       |       |       |     1 ||     1
  Use: Scroll            |       |       |     6 |     6 ||    12
  Eat: Chunk             |       |     6 |    32 |    26 ||    64
Armor: Animal skin       |     2 |       |       |       ||     2
       Ring mail         |    21 |    20 |     4 |       ||    45
       Scale mail        |       |       |    66 |    94 ||   160
Dodge: Dodged            |    36 |    57 |   146 |   212 ||   451
